General information
- name: BNet
- type: Ladder team game (AT/RT)
- host: Battle.net
- saver: SERIOUSCRAFT
map: FullScaleAssault
- players: 8
- length: 27:44
- speed: Fast
- version: 1.24 W3XP
- replay type: Public
» download(154 KB)
Players
team 1 (winner)
SERIOUSCRAFT (
green | 51 APM | 1428 actions | 27:44)
6 Blood Mage
3 Flame Strike
2 Siphon Mana
1 Summon Phoenix
6 Paladin
3 Holy Light
2 Divine Shield
1 Resurrection
» actions
| Assign group hotkey | 14 | |
| Basic commands | 1 | |
| Build / train | 72 | |
| Enter build submenu | 26 | |
| Enter hero's abilities submenu | 12 | |
| Give item / drop item | 2 | |
| Remove unit from queue | 1 | |
| Right click | 603 | |
| Select / deselect | 221 | |
| Select group hotkey | 370 | |
| Use ability | 106 | |
1428 total
» units
| Peasant | 20 | |
| Footman | 1 | |
| Gryphon Rider | 6 | |
| Goblin Zeppelin | 1 | |
| Goblin Shredder | 1 | |
29 total
» upgrades
| Masonry | 1 | |
| Swords | 3 | |
| Lumber Harvesting | 2 | |
| Storm Hammers | 1 | |
| Animal War Training | 1 | |
| Armor | 1 | |
9 total
» buildings
| Altar of Kings | 1 | |
| Farm | 10 | |
| Barracks | 1 | |
| Scout Tower | 42 | |
| Lumber Mill | 1 | |
| Arcane Vault | 1 | |
| Arcane Tower | 2 | |
| Town Hall | 2 | |
| Keep | 1 | |
| Blacksmith | 1 | |
| Guard Tower | 7 | |
| Castle | 1 | |
| Gryphon Aviary | 2 | |
72 total
» build order
00:09 Altar of Kings
00:19 Farm
00:30 Barracks
01:00 Farm
01:34 Scout Tower
01:46 Lumber Mill
02:05 Arcane Vault
02:06 Arcane Tower
02:32 Farm
03:45 Farm
04:33 Town Hall
04:41 Scout Tower
04:42 Scout Tower
04:44 Scout Tower
04:45 Scout Tower
05:11 Scout Tower
05:12 Scout Tower
05:13 Scout Tower
05:14 Scout Tower
05:15 Scout Tower
05:15 Scout Tower
05:18 Scout Tower
05:18 Scout Tower
05:34 Keep
05:43 Blacksmith
06:47 Guard Tower
06:51 Arcane Tower
06:55 Guard Tower
07:10 Guard Tower
07:35 Farm
07:36 Farm
08:37 Castle
09:02 Guard Tower
10:01 Gryphon Aviary
10:05 Gryphon Aviary
12:38 Farm
13:27 Farm
13:31 Farm
13:32 Farm
19:23 Town Hall
19:34 Scout Tower
19:35 Scout Tower
19:37 Scout Tower
19:38 Scout Tower
19:44 Scout Tower
19:50 Scout Tower
19:51 Scout Tower
19:54 Scout Tower
19:55 Scout Tower
19:57 Scout Tower
20:49 Guard Tower
20:54 Scout Tower
20:55 Scout Tower
20:56 Scout Tower
20:57 Scout Tower
20:57 Scout Tower
21:00 Scout Tower
22:18 Guard Tower
22:23 Scout Tower
22:24 Scout Tower
22:26 Scout Tower
22:27 Scout Tower
22:30 Scout Tower
22:32 Scout Tower
22:33 Scout Tower
22:34 Scout Tower
22:36 Scout Tower
22:36 Scout Tower
22:38 Scout Tower
22:40 Scout Tower
22:41 Scout Tower
24:21 Guard Tower
» items
| Staff of Teleportation | 1 | |
| Boots of Speed | 1 | |
| Periapt of Vitality | 1 | |
| Lesser Clarity Potion | 1 | |
| Potion of Invisibility | 4 | |
8 total

»
NoNamer (
blue | 53 APM | 1476 actions | 27:43)
6 Pit Lord
3 Rain of Fire
2 Cleaving Attack
1 Doom
5 Death Knight
2 Death Coil
3 Unholy Aura
» actions
| Assign group hotkey | 20 | |
| Basic commands | 11 | |
| Build / train | 92 | |
| Enter build submenu | 23 | |
| Enter hero's abilities submenu | 11 | |
| Give item / drop item | 3 | |
| Right click | 566 | |
| Select / deselect | 229 | |
| Select group hotkey | 432 | |
| Use ability | 89 | |
1476 total
» units
| Acolyte | 9 | |
| Ghoul | 7 | |
| Gargoyle | 6 | |
| Frost Wyrm | 10 | |
| Goblin Sapper | 2 | |
34 total
» upgrades
| Creature Carapace | 2 | |
| Creature Attack | 3 | |
| Freezing Breath | 1 | |
6 total
» buildings
| Altar of Darkness | 1 | |
| Crypt | 3 | |
| Ziggurat | 8 | |
| Halls of the Dead | 1 | |
| Necropolis | 1 | |
| Graveyard | 1 | |
| Black Citadel | 4 | |
| Spirit Tower | 3 | |
| Sacrificial Pit | 1 | |
| Boneyard | 2 | |
25 total
» build order
00:07 Altar of Darkness
00:10 Crypt
00:13 Ziggurat
00:15 Crypt
00:17 Ziggurat
01:01 Ziggurat
01:44 Crypt
02:52 Halls of the Dead
03:55 Necropolis
05:06 Graveyard
05:09 Ziggurat
05:40 Ziggurat
05:56 Black Citadel
05:56 Black Citadel
06:21 Ziggurat
06:22 Ziggurat
06:57 Ziggurat
07:26 Spirit Tower
07:27 Spirit Tower
07:32 Sacrificial Pit
08:24 Spirit Tower
08:27 Boneyard
09:05 Boneyard
» items
| Staff of Teleportation | 1 | |
| Lesser Clarity Potion | 3 | |
| Potion of Invisibility | 7 | |
| Potion of Lesser Invulnerability | 2 | |
| Scroll of Town Portal | 4 | |
| Scroll of Healing | 3 | |
| Scroll of Protection | 5 | |
| Healing Salve | 1 | |
| Scroll of Speed | 2 | |
28 total

»
nothingworks (
purple | 25 APM | 704 actions | 27:43)
8 Blademaster
3 Wind Walk
3 Critical Strike
1 Bladestorm
1 Mirror Image
» actions
| Assign group hotkey | 1 | |
| Basic commands | 3 | |
| Build / train | 65 | |
| Enter build submenu | 22 | |
| Enter hero's abilities submenu | 8 | |
| Remove unit from queue | 1 | |
| Right click | 270 | |
| Select / deselect | 283 | |
| Select group hotkey | 7 | |
| Use ability | 44 | |
704 total
» units
| Peon | 15 | |
| Troll Headhunter/Berserker | 7 | |
| Shaman | 4 | |
| Troll Witch Doctor | 5 | |
| Wind Rider | 5 | |
| Blue Dragon | 1 | |
| Blue Drake | 1 | |
38 total
» upgrades
| Armor | 2 | |
| Spiked Barricades | 1 | |
| Ranged Weapons | 3 | |
| Witch Doctor Training | 2 | |
| Shaman Training | 2 | |
| War Drums Damage Increase | 1 | |
| Envenomed Spears | 1 | |
12 total
» buildings
| Orc Burrow | 9 | |
| Altar of Storms | 1 | |
| Barracks | 1 | |
| War Mill | 1 | |
| Voodoo Lounge | 1 | |
| Watch Tower | 4 | |
| Stronghold | 1 | |
| Fortress | 1 | |
| Spirit Lodge | 2 | |
| Great Hall | 1 | |
| Beastiary | 2 | |
24 total
» build order
01:43 Orc Burrow
01:44 Altar of Storms
03:07 Orc Burrow
03:11 Barracks
03:27 War Mill
04:06 Orc Burrow
04:23 Voodoo Lounge
05:04 Orc Burrow
05:57 Watch Tower
07:35 Stronghold
07:38 Watch Tower
09:01 Orc Burrow
09:05 Watch Tower
10:01 Orc Burrow
10:03 Fortress
10:08 Spirit Lodge
10:11 Spirit Lodge
10:19 Watch Tower
11:25 Great Hall
11:50 Beastiary
11:52 Beastiary
11:58 Orc Burrow
12:58 Orc Burrow
15:05 Orc Burrow
» items
| Orb of Lightning | 1 | |
| Potion of Healing | 2 | |
3 total

»
KingFlannel (
red | 28 APM | 776 actions | 27:43)
4 Demon Hunter
2 Evasion
2 Immolation
» actions
| Assign group hotkey | 2 | |
| Build / train | 80 | |
| Enter build submenu | 17 | |
| Enter hero's abilities submenu | 4 | |
| Right click | 379 | |
| Select / deselect | 254 | |
| Select group hotkey | 2 | |
| Use ability | 38 | |
776 total
» units
| Wisp | 17 | |
| Archer | 12 | |
| Hippogryph | 12 | |
| Druid of the Claw | 11 | |
| Dryad | 6 | |
| Huntress | 5 | |
63 total
» upgrades
| Improved Bows | 1 | |
| Hippogryph Taming | 1 | |
| Strength of the Moon | 2 | |
| Moon Armor | 2 | |
| Druid of the Claw Training | 2 | |
| Strength of the Wild | 1 | |
| Upgrade Moon Glaive | 1 | |
10 total
» buildings
| Altar of Elders | 1 | |
| Moon Well | 8 | |
| Ancient of War | 2 | |
| Tree of Ages | 1 | |
| Hunter's Hall | 1 | |
| Ancient of Wind | 2 | |
| Ancient Protector | 4 | |
| Ancient of Lore | 2 | |
| Tree of Eternity | 1 | |
22 total
» build order
00:09 Altar of Elders
00:14 Moon Well
02:17 Moon Well
02:18 Moon Well
02:29 Ancient of War
02:54 Tree of Ages
04:10 Ancient of War
07:47 Hunter's Hall
08:31 Ancient of Wind
09:10 Moon Well
09:16 Moon Well
09:18 Moon Well
09:56 Ancient Protector
10:04 Ancient Protector
10:31 Ancient of Wind
12:07 Ancient Protector
13:52 Moon Well
13:54 Moon Well
16:32 Ancient of Lore
17:04 Ancient of Lore
17:37 Ancient Protector
19:08 Tree of Eternity
team 2 (loser)
666mustang666 (
yellow | 19 APM | 523 actions | 27:43)
4 Paladin
2 Divine Shield
2 Holy Light
» actions
| Basic commands | 83 | |
| Build / train | 71 | |
| Enter build submenu | 21 | |
| Enter hero's abilities submenu | 4 | |
| Give item / drop item | 1 | |
| Remove unit from queue | 1 | |
| Right click | 9 | |
| Select / deselect | 272 | |
| Use ability | 61 | |
523 total
» units
| Peasant | 18 | |
| Footman | 7 | |
| Rifleman | 10 | |
| Goblin Sapper | 1 | |
| Siege Engine | 17 | |
| Frost Wyrm | 3 | |
56 total
» upgrades
| Barrage | 1 | |
| Gunpowder | 3 | |
| Plating | 2 | |
6 total
» buildings
| Altar of Kings | 1 | |
| Farm | 13 | |
| Barracks | 1 | |
| Lumber Mill | 1 | |
| Blacksmith | 1 | |
| Keep | 1 | |
| Castle | 2 | |
| Workshop | 2 | |
| Town Hall | 1 | |
23 total
» build order
00:09 Altar of Kings
00:11 Farm
00:18 Barracks
00:53 Farm
01:38 Lumber Mill
02:08 Farm
02:51 Blacksmith
03:34 Farm
04:19 Keep
05:32 Farm
06:15 Farm
06:55 Castle
06:56 Castle
07:41 Farm
09:01 Farm
10:14 Workshop
10:17 Workshop
11:15 Farm
12:25 Farm
13:11 Farm
14:22 Farm
17:13 Farm
27:16 Town Hall

»
Grand-Champ (
pink | 53 APM | 1220 actions | 22:54)
7 Death Knight
3 Death Coil
3 Unholy Aura
1 Animate Dead
» actions
| Basic commands | 24 | |
| Build / train | 62 | |
| Enter build submenu | 23 | |
| Enter hero's abilities submenu | 7 | |
| Give item / drop item | 1 | |
| Right click | 567 | |
| Select / deselect | 492 | |
| Use ability | 44 | |
1220 total
» units
| Acolyte | 20 | |
| Ghoul | 3 | |
| Crypt Fiend | 8 | |
| Frost Wyrm | 6 | |
37 total
» upgrades
| Creature Attack | 3 | |
| Creature Carapace | 3 | |
| Web | 1 | |
| Burrow | 1 | |
| Freezing Breath | 1 | |
9 total
» buildings
| Ziggurat | 9 | |
| Altar of Darkness | 1 | |
| Crypt | 2 | |
| Graveyard | 1 | |
| Tomb of Relics | 1 | |
| Halls of the Dead | 1 | |
| Black Citadel | 1 | |
| Sacrificial Pit | 1 | |
| Spirit Tower | 1 | |
| Boneyard | 2 | |
20 total
» build order
00:06 Ziggurat
00:09 Altar of Darkness
00:36 Crypt
00:59 Ziggurat
01:32 Ziggurat
01:46 Graveyard
02:22 Ziggurat
04:12 Tomb of Relics
04:54 Crypt
05:25 Halls of the Dead
08:35 Ziggurat
10:23 Black Citadel
11:46 Sacrificial Pit
13:34 Spirit Tower
13:43 Boneyard
13:50 Boneyard
17:00 Ziggurat
17:19 Ziggurat
20:42 Ziggurat
20:48 Ziggurat
» items
| Scroll of Town Portal | 4 | |
| Potion of Healing | 1 | |
5 total

»
Ibanez (
orange | 29 APM | 760 actions | 26:00)
4 Dark Ranger
2 Black Arrow
2 Silence
» actions
| Assign group hotkey | 22 | |
| Basic commands | 50 | |
| Build / train | 61 | |
| Enter build submenu | 31 | |
| Enter hero's abilities submenu | 4 | |
| Give item / drop item | 3 | |
| Right click | 176 | |
| Select / deselect | 245 | |
| Select group hotkey | 115 | |
| Use ability | 53 | |
760 total
» units
| Peon | 18 | |
| Grunt | 8 | |
| Makrura Deepseer | 3 | |
| Mur'gul Snarecaster | 3 | |
| Demolisher | 3 | |
| Goblin Shredder | 1 | |
| Shaman | 4 | |
| Makrura Snapper | 1 | |
| Giant Sea Turtle | 1 | |
42 total
» upgrades
| Berserker Strength | 1 | |
| Armor | 1 | |
| Burning Oil | 1 | |
| Shaman Training | 2 | |
| Spirit Walker Training | 2 | |
| Reinforced Defenses | 1 | |
| Ranged Weapons | 1 | |
| Witch Doctor Training | 1 | |
10 total
» buildings
| Altar of Storms | 1 | |
| Barracks | 1 | |
| Orc Burrow | 9 | |
| Stronghold | 1 | |
| Voodoo Lounge | 1 | |
| Great Hall | 1 | |
| War Mill | 1 | |
| Fortress | 1 | |
| Spirit Lodge | 3 | |
| Watch Tower | 9 | |
| Beastiary | 2 | |
30 total
» build order
00:35 Altar of Storms
00:43 Barracks
00:53 Orc Burrow
01:37 Orc Burrow
02:27 Orc Burrow
03:39 Stronghold
04:26 Voodoo Lounge
05:00 Great Hall
05:52 War Mill
06:21 Fortress
07:41 Orc Burrow
07:44 Orc Burrow
09:23 Spirit Lodge
10:13 Watch Tower
10:17 Watch Tower
12:51 Watch Tower
12:54 Watch Tower
13:05 Spirit Lodge
13:08 Spirit Lodge
13:17 Watch Tower
13:21 Watch Tower
14:20 Watch Tower
16:03 Orc Burrow
16:06 Orc Burrow
16:55 Watch Tower
16:57 Watch Tower
19:18 Orc Burrow
19:21 Orc Burrow
20:16 Beastiary
20:19 Beastiary
» items
| Periapt of Vitality | 1 | |
| Healing Salve | 1 | |
2 total
Renzo (
teal | 25 APM | 636 actions | 25:16)
2 Blademaster
1 Wind Walk
1 Mirror Image
» actions
| Assign group hotkey | 1 | |
| Build / train | 57 | |
| Enter build submenu | 20 | |
| Enter hero's abilities submenu | 2 | |
| Remove unit from queue | 1 | |
| Right click | 181 | |
| Select / deselect | 310 | |
| Select group hotkey | 6 | |
| Use ability | 58 | |
636 total
» units
| Peon | 13 | |
| Grunt | 7 | |
| Raider | 11 | |
| Wind Rider | 1 | |
| Troll Headhunter/Berserker | 12 | |
| Troll Batrider | 3 | |
47 total
» upgrades
| Berserker Strength | 1 | |
| Ensnare | 1 | |
| Melee Weapons | 1 | |
3 total
» buildings
| Orc Burrow | 6 | |
| Altar of Storms | 1 | |
| Barracks | 1 | |
| Stronghold | 1 | |
| Voodoo Lounge | 1 | |
| War Mill | 1 | |
| Beastiary | 1 | |
| Watch Tower | 5 | |
| Great Hall | 1 | |
| Fortress | 1 | |
19 total
» build order
00:10 Orc Burrow
00:16 Altar of Storms
00:49 Barracks
01:47 Orc Burrow
01:52 Orc Burrow
03:36 Stronghold
04:43 Voodoo Lounge
06:10 Orc Burrow
06:29 War Mill
07:33 Beastiary
11:39 Watch Tower
11:40 Watch Tower
12:55 Great Hall
14:32 Watch Tower
14:33 Watch Tower
15:31 Orc Burrow
16:41 Watch Tower
19:25 Orc Burrow
20:45 Fortress
» items
Chat log
(00:36 / Allies) SERIOUSCRAFT: ill take his mine
(00:39 / Allies) NoNamer: i got it
(01:01 / All) Ibanez: units?
(01:57 / Allies) nothingworks: that fucker red took 4ever
(01:58 / Allies) nothingworks: i left
(01:59 / Allies) nothingworks: my b
(12:19 / Allies) SERIOUSCRAFT: red move
(13:17 / Allies) nothingworks: lumberrrrrrrr
(14:18 / Allies) NoNamer: yu gonn aataack OR JSUT HIDE
(14:58 / Allies) SERIOUSCRAFT: what
(15:10 / Allies) NoNamer: STOP HIDING!! GET THE FUCK OUT HERE AND FIGFHT
(15:21 / Allies) nothingworks: where we fighting lord
(16:05 / Allies) SERIOUSCRAFT: ...
(17:10 / Allies) NoNamer: CMON!!!
(19:23 / Allies) NoNamer: are yu fukkkers retarded
(22:32 / All) NoNamer: IS ALL FOUR OF YU FIGHTING ME
(22:41 / All) 666mustang666: no
(23:19 / All) Ibanez: well, when you keep coming over here
(23:27 / All) Ibanez: do you expect us just to let you walk around?
(23:28 / All) NoNamer: STFU
(23:31 / All) SERIOUSCRAFT: yellow has no peasants left
(23:40 / All) 666mustang666: wrong
(23:46 / Allies) KingFlannel: inc yellow
(23:56 / All) Ibanez: anyway it doesn't matter
(24:03 / All) Ibanez: our tanks are not upgraded to fight air
(24:06 / All) SERIOUSCRAFT: lmao
(24:25 / All) NoNamer: yur brains arent upgraded enuff to fight me
(24:40 / All) Ibanez: dude, your a noob
(24:45 / All) Ibanez: green is the master
(24:50 / All) SERIOUSCRAFT: ty bro
(24:54 / All) SERIOUSCRAFT: ive played with you before
(24:58 / All) NoNamer: YU FUKKIN GIRLS TRIED TO TELEPORT ON ME LIKE 7 times HAHAHHAHAHAHAHA
(24:59 / All) SERIOUSCRAFT: youre not bad yourself
(25:27 / All) Ibanez: ya, I kind of gave up when the tanks where not upgraded one bit
(25:28 / All) NoNamer: OJ the truth hurts, especially when it NAILS YU IN YOUR VAGINA
(25:42 / All) Ibanez: that made me facepalm
(25:57 / All) Ibanez: gg
(26:41 / All) 666mustang666: red stop
(27:34 / All) nothingworks: u can thank me later